 Dungeon Crawl Stone Soup version 0.29.1-15-g9cfb28693d (webtiles) character file.

Game seed: 6753821788862219592

5034 wingedge the Fighter (level 10, -1/93 HPs)
             Began as a Black Draconian Cinder Acolyte on Apr 5, 2023.
             Was a Priest of Ignis.
             Slain by a killer bee (7 damage)
             ... on level 8 of the Dungeon on Apr 6, 2023.
             The game lasted 00:33:16 (12507 turns).

wingedge the Fighter (DrCA)                        Turns: 12507, Time: 00:33:16

Health: -1/93      AC: 10    Str: 16    XL:     10   Next: 30%
Magic:  2/17       EV: 12    Int: 19    God:    Ignis [***...]
Gold:   485        SH:  5    Dex:  7    Spells: 7/19 levels left

rFire   + + .      SeeInvis .   E - +2 trident (freeze)
rCold   . . .      Faith    .   (no shield)
rNeg    . . .      Spirit   .   (body armour unavailable)
rPois   .          Reflect  +   (helmet restricted)
rElec   +          Harm     .   (no cloak)
rCorr   .          Rampage  .   O - +0 pair of gloves
Will    .....                   C - +1 pair of boots
Stlth   +.........              G - amulet of reflection
HPRegen 0.25/turn               o - ring of wizardry
MPRegen 0.15/turn               (no ring)

@: mighty, weakened, very slightly contaminated, hasted, very quick
A: breathe lightning, AC +7, unfitting armour, electricity resistance,
cold-blooded, fire resistance 1
a: Breathe Lightning, Renounce Religion, Fiery Armour, Foxfire Swarm, Rising
Flame


You were on level 8 of the Dungeon.
You worshipped Ignis.
Ignis was most pleased with you.
You visited 2 branches of the dungeon, and saw 10 of its levels.

You collected 485 gold pieces.

Inventory:

Hand Weapons
 a - a -1 spear of flaming
 d - a +0 sling
 p - a +1 whip of venom
 u - a +2 dagger of venom
 w - a +2 whip of electrocution
 A - a +2 hand axe of venom
 E - a +2 trident of freezing (weapon)
 P - a +0 long sword of holy wrath
Missiles
 c - 32 poisoned darts (quivered)
Armour
 B - a +0 tower shield
 C - a +1 pair of boots (worn)
 O - a +0 pair of gloves (worn)
Jewellery
 o - a ring of wizardry (left hand)
 D - a ring of fire
 G - an amulet of reflection (around neck)
 J - an amulet of regeneration
Wands
 s - a wand of flame (11)
 t - a wand of iceblast (12)
 y - a wand of mindburst (30)
 I - a wand of polymorph (13)
 K - a wand of digging (4)
 L - a wand of charming (17)
 N - a wand of light (11)
Scrolls
 b - 7 scrolls of teleportation
 e - 3 scrolls of butterflies
 i - a scroll of vulnerability
 j - 2 scrolls of poison
 r - 2 scrolls of enchant weapon
 v - a scroll of torment
 z - a scroll of immolation
 H - a scroll of amnesia {unknown}
 M - a scroll of fear {unknown}
Potions
 f - 2 potions of brilliance
 g - a potion of flight
 h - a potion of haste
 k - 2 potions of heal wounds {unknown}
 l - a potion of mutation {unknown}
 m - 2 potions of might
 n - a potion of lignification {unknown}
 q - 2 potions of curing
 x - a potion of invisibility {unknown}
 F - 2 potions of resistance {unknown}


   Skills:
 - Level 10.0 Fighting
 - Level 3.0 Polearms
 - Level 5.0 Dodging
 - Level 5.0 Spellcasting
 + Level 6.0 Conjurations
 - Level 2.0 Necromancy
 - Level 6.0 Transmutations
 - Level 4.0 Fire Magic
 - Level 3.0 Ice Magic


You had 7 spell levels left.
You knew the following spells:

 Your Spells              Type           Power      Damage    Failure   Level
a - Scorch                Fire           38%        2d7       1%          2
b - Ozocubu's Armour      Ice            16%        N/A       4%          3
c - Sublimation of Blood  Necr           12%        N/A       3%          2
d - Irradiate             Conj/Tmut      13%        3d16      12%         5

Your spell library contained the following spells:

 Spells                   Type           Power      Damage    Failure   Level
 Passwall                 Tmut/Erth      13%        N/A       2%          2
 Ensorcelled Hibernation  Hex/Ice        20%        N/A       4%          2
 Petrify                  Tmut/Erth      16%        N/A       14%         4
 Swiftness                Air            4%         N/A       16%         3
 Passage of Golubria      Tloc           4%         N/A       43%         4
 Silence                  Hex/Air        2%         N/A       77%         5
 Ozocubu's Refrigeration  Ice            8%         4d9       100%        7
 Lehudib's Crystal Spear  Conj/Erth      8%         10d3      100%        8


Dungeon Overview and Level Annotations

Branches:
Dungeon (9/15)             Temple (1/1) D:5
   Lair: D:8-11         Orc: D:9-12

Altars:
Ashenzari
Cheibriados
Dithmenos
Elyvilon
Fedhas
Gozag
Hepliaklqana
Kikubaaqudgha
Makhleb
Nemelex Xobeh
Okawaru
Qazlal
Ru
Sif Muna
Trog
Uskayaw
Vehumet
Wu Jian
Xom
Yredelemnul
Zin
The Shining One


Innate Abilities, Weirdness & Mutations

You can breathe wild blasts of lightning.
Your glossy black scales are hard. (AC +7)
You cannot fit into any form of body armour.
You are resistant to electric shocks. (rElec)
You are cold-blooded and may be slowed by cold attacks.
Your flesh is heat resistant. (rF+)


Message History

You feel sick.
The killer bee stings you but does no damage.
The killer bee barely misses you. The water moccasin closely misses you.
The gnoll bouda hits you with a +0 whip.
* * * LOW HITPOINT WARNING * * *
Casting: Sublimation of Blood (safe; 3% risk of failure)
Confirm with . or Enter, or press ? or * to list all spells.
You draw magical energy from your own body!
You feel sick. The killer bee barely misses you. The killer bee stings you.
* * * LOW HITPOINT WARNING * * *
You block the water moccasin's attack. The gnoll hits you but does no damage.
It was a potion of curing.
You feel better. You block the killer bee's attack. The killer bee stings you.
* * * LOW HITPOINT WARNING * * *
The gnoll bouda gazes fiercely through you!
You feel your attacks grow feeble. The gnoll bouda closely misses you.
The water moccasin bites you but does no damage.
The killer bee stings you.
* * * LOW HITPOINT WARNING * * *
The killer bee stings you but does no damage.
The gnoll closely misses you.
You feel better. The killer bee stings you.
* * * LOW HITPOINT WARNING * * *
The killer bee closely misses you. The water moccasin barely misses you.
The gnoll bouda hits you with a +0 whip.
* * * LOW HITPOINT WARNING * * *
You feel better. The killer bee misses you. The killer bee closely misses you.
The gnoll hits you with a +0 spear.
* * * LOW HITPOINT WARNING * * *
The water moccasin bites you but does no damage.
It was a potion of might.
You feel very mighty all of a sudden. The killer bee barely misses you.
The killer bee closely misses you.
The gnoll bouda hits you with a +0 whip.
* * * LOW HITPOINT WARNING * * *
The water moccasin bites you.
* * * LOW HITPOINT WARNING * * *
The killer bee barely misses you. The killer bee stings you!
You die...

#... #..# #..# ..... #..#
g.g#.####..# #g##......<#
#.##..####.#####
#g##..####g#...# #.
#g##..#..g@Sy..####.#
#.#.(.#.##yy..>..##.##
#.#.#.g...g...)......#
#.#...#.##.......###.##
#.......).##...####...##
#####.#.#.##...###.....##
#.#.#.#.....#...<...##
#....................#
###.........#.......###


You could see a water moccasin (misshapen), a gnoll bouda, 3 killer bees and 2
gnolls.

Vanquished Creatures
  A two-headed ogre (D:9)
  The ghost of Chadd the Cleaver, a novice HOMo (D:5)
  Pikel (D:7)
  A manticore (D:9)
  Menkaure (D:7)
  2 water moccasins
  2 black bears (D:6)
  An orc warrior (D:7)
  3 ice beasts
  2 ogres
  3 centaurs
  2 lemures (D:7)
  4 necrophages
  A kobold brigand (D:7)
  4 scorpions
  2 bullfrogs
  A howler monkey (D:6)
  2 hounds
  2 jellies
  4 orc priests
  A gnoll bouda (D:6)
  9 orc wizards
  5 iguanas
  Robin (D:2)
  12 gnolls
  15 adders
  A river rat (D:5)
  A shadow imp (D:5)
  3 white imps
  3 ufetubi
  3 worms
  A dart slug (D:5)
  37 orcs
  6 endoplasms
  4 giant cockroaches
  9 hobgoblins
  3 jackals (D:4)
  6 quokkas
  9 ball pythons
  8 bats
  A frilled lizard (D:1)
  13 goblins
  14 kobolds
  6 rats
211 creatures vanquished.

Vanquished Creatures (others)
  24 foxfires
  5 fungi (D:3)
  2 plants (D:3)
31 creatures vanquished.

Grand Total: 242 creatures vanquished

Notes
Turn   | Place    | Note
-------+----------+-------------------------------------------
     0 | D:1      | wingedge the Draconian Cinder Acolyte began the quest for
                  | the Orb.
     0 | D:1      | Reached XP level 1. HP: 19/19 MP: 2/2
   315 | D:1      | Reached XP level 2. HP: 22/27 MP: 3/3
   317 | D:1      | Reached skill level 4 in Fighting
   320 | D:1      | Learned a level 2 spell: Scorch
   509 | D:1      | Found a faded altar of an unknown god.
  1291 | D:2      | Reached XP level 3. HP: 30/33 MP: 3/6
  1870 | D:2      | Noticed Robin
  1930 | D:2      | Killed Robin
  1931 | D:2      | Reached skill level 5 in Fighting
  1931 | D:2      | Reached XP level 4. HP: 11/42 MP: 7/7
  3191 | D:3      | Reached XP level 5. HP: 41/48 MP: 8/8
  3283 | D:3      | Found a burning altar of Makhleb.
  3368 | D:3      | Learned a level 3 spell: Ozocubu's Armour
  3961 | D:3      | Reached skill level 1 in Ice Magic
  4266 | D:3      | Found a blossoming altar of Fedhas.
  5185 | D:4      | Reached skill level 6 in Fighting
  5185 | D:4      | Reached XP level 6. HP: 53/57 MP: 0/9
  5327 | D:4      | HP: 2/57 [gnoll/+0 club (2)]
  6004 | D:5      | Entered Level 5 of the Dungeon
  6081 | D:5      | Reached skill level 7 in Fighting
  6081 | D:5      | Your scales start taking on a glossy black colour.
  6081 | D:5      | Reached XP level 7. HP: 66/66 MP: 1/10
  6081 | D:5      | Gained mutation: You are resistant to electric shocks.
                  | (rElec) [Black Draconian growth]
  6349 | D:5      | Found a broken altar of Ashenzari.
  6352 | D:5      | Found a runed translucent door.
  6359 | D:5      | Noticed Chadd's ghost (novice HOMo)
  6458 | D:5      | Found an opulent altar of Gozag.
  6812 | D:5      | Reached skill level 8 in Fighting
  7071 | D:5      | Reached XP level 8. HP: 61/74 MP: 2/14
  7326 | D:5      | Found a staircase to the Ecumenical Temple.
  7331 | D:5      | Reached skill level 5 in Spellcasting
  7441 | Temple   | Entered the Ecumenical Temple
  7855 | D:5      | Reached skill level 1 in Dodging
  8070 | D:5      | Learned a level 2 spell: Sublimation of Blood
  8222 | D:5      | Found a runed translucent door.
  8244 | D:5      | Killed Chadd's ghost
  8705 | D:6      | Found a sparkling altar of Nemelex Xobeh.
  8866 | D:6      | Reached XP level 9. HP: 82/82 MP: 3/16
  8973 | D:6      | Reached skill level 9 in Fighting
  9051 | D:6      | Learned a level 5 spell: Irradiate
  9731 | D:6      | You fall into a shaft and drop 3 floors!
  9737 | D:9      | Noticed a two-headed ogre
  9745 | D:9      | Killed a two-headed ogre
 10278 | D:9      | Noticed a manticore
 10282 | D:9      | Killed a manticore
 10283 | D:9      | Reached skill level 5 in Dodging
 10283 | D:9      | Reached skill level 5 in Conjurations
 10283 | D:9      | Reached skill level 5 in Transmutations
 10507 | D:7      | Noticed Pikel
 10512 | D:7      | Killed Pikel
 10513 | D:7      | Reached XP level 10. HP: 82/91 MP: 6/17
 10518 | D:7      | Noticed Menkaure
 10523 | D:7      | Killed Menkaure
 10682 | D:7      | Reached skill level 10 in Fighting
 11415 | D:7      | Gained mutation: Your flesh is heat resistant. (rF+)
                  | [mutagenic glow]
 12507 | D:8      | Slain by a killer bee

Illustrated notes

Levels and vault maps discovered:
D:1:      lightli_molten_gateway, layout_loops_corners,
          shapermc_ecumenical_altar_starsandcircs
D:2:      layout_basic, kennysheep_flooded_box, chequers_serial_rivers_micro_e,
          uniq_robin
D:3:      layout_basic, bloody_makhleb, fedhas_altar_3, chequers_jeans
D:4:      layout_basic
D:5:      wad_river_or_something, layout_basic, grunt_gozag_statues,
          overflow_temple_1_default, minmay_temple_entry_grid,
          ebering_ghost_sewer_f, st_stairs_1
D:6:      minmay_inner_zag, layout_basic, nicolae_overflow_crystal_walls,
          minmay_misc_feat_plants, corexii_item_surrounded_by_moat
D:7:      layout_gridville, uniq_pikel, uniq_menkaure
D:8:      layout_loops_ring, david_lair_shrubbed
D:9:      nicolae_cairo_tiling_large, layout_loops_ring,
          kennysheep_small_spiral, billiards_dpeg
Temple:   minmay_temple_bridge_d

Skill      XL: |  1  2  3  4  5  6  7  8  9 10 |
---------------+-------------------------------+-----
Fighting       | 4 5 6 7 8 9 10 | 10.0
Spellcasting   | 2 4 5 |  5.0
Fire Magic     | 4 |  4.0
Ice Magic      | 2 3 |  3.0
Dodging        | 3 5 |  5.0
Conjurations   | 2 6 |  6.0
Necromancy     | 2 |  2.0
Transmutations | 2 5 6 |  6.0
Polearms       | |  3.0

Action                   |  1- 3 |  4- 6 |  7- 9 | 10-12 || total
-------------------------+-------+-------+-------+-------++-------
Melee: Spear             |   163 |   171 |    88 |    26 ||   448
       Tailslap          |    13 |    18 |     9 |     4 ||    44
       Punch             |       |     2 |     2 |       ||     4
       Trident           |       |       |       |     2 ||     2
Throw: Dart              |     1 |       |       |       ||     1
 Cast: Scorch            |     7 |    55 |   125 |     8 ||   195
       Ozocubu's Armour  |       |     2 |     4 |       ||     6
       Irradiate         |       |       |     8 |    18 ||    26
       Sublimation of Bl |       |       |       |     7 ||     7
Invok: Fiery Armour      |     1 |       |       |       ||     1
       Foxfire Swarm     |       |     3 |       |       ||     3
 Abil: Breathe Lightning |       |       |     7 |     5 ||    12
Evoke: Wand              |       |       |     7 |       ||     7
  Use: Scroll            |       |     4 |     7 |     3 ||    14
       Potion            |       |       |       |     5 ||     5
Armor: Skin              |    50 |    69 |    53 |    30 ||   202
Dodge: Dodged            |    63 |    97 |    83 |    62 ||   305
Block: Other             |       |       |     8 |    15 ||    23
